woodfighter, chaotic female orcish Barbarian ----- #....| #|...| ##|*..| ###|...| ## ---|- ## ## ## # ## # ------------# # ----.......(..-# # |.............|# #### |_...<......... -----.------ |.............| |........... |..........---- |..........| ------------ |..........| |........@.| --.......u.| ----------- woodfighter the Barbarian Experience level: 5 Strength: 18 Dexterity: 18 Constitution: 17 Intelligence: 8 Wisdom: 8 Charisma: 6 Health: 0(50) Energy: 14(14) Def: 2 Gold: 0 Moves: 2382 Dungeon seed [set]: Game ID: woodfighter_1679260826 Your Inventory: Weapons a - an uncursed +0 battle-axe (weapon in hands) b - an uncursed +0 orcish short sword (alternate weapon; not wielded) u - a cursed -1 dagger Armor e - an uncursed corroded +0 orcish ring mail (being worn) n - an uncursed +0 orcish helm (being worn) q - an uncursed +0 mummy wrapping w - an uncursed +0 dwarvish iron helm x - an uncursed +0 pair of iron shoes z - an uncursed +0 dwarvish cloak N - an uncursed +0 elven cloak Y - an uncursed +0 dwarvish cloak Comestibles c - 3 uncursed food rations d - an uncursed slime mold g - 2 uncursed lichen corpses h - 2 uncursed sprigs of wolfsbane j - 2 uncursed fortune cookies A - an uncursed pancake Wands k - an uncursed wand of opening (0:5) Tools s - an uncursed sack v - a cursed oil lamp (0:1246) Gems r - an uncursed garnet y - an uncursed worthless piece of blue glass Contents of the sack: 953 gold pieces an uncursed scroll of enchant weapon an uncursed scroll of genocide an uncursed scroll of identify an uncursed scroll of light 2 uncursed scrolls of scare monster an uncursed potion of healing an uncursed potion of restore ability an uncursed potion of sickness a cursed potion of sleeping Spells and supernatural/magical abilities: Name Level Category Fail Memory W - pray for help -- divine ? -- Your skills at the end: Miscellaneous Skills bare handed combat [Basic] stealth [Basic] Weapon Skills axe [Skilled] short sword [Basic] Spellcasting Skills Final Attributes: You were piously aligned. You were poison resistant. You were telepathic. You had infravision. You were somewhat stealthy. You are dead. Vanquished creatures: a gnome mummy a rock mole a gnome lord a giant ant a puppy a floating eye 2 dwarves a homunculus 4 rothes a jitterbug a wererat 2 coyotes 2 gas spores a hobbit an acid blob 2 geckos a hobgoblin a giant rat a cave spider a brown mold 2 manes a gnome zombie 5 jackals a fox 4 newts 4 sewer rats 11 grid bugs 5 lichens a kobold zombie 61 creatures vanquished. Voluntary challenges: You did not adorn yourself with jewelry or accessories. You did not cause conflict. You were not invisible. You did not have reflection. You were not displaced. You did not donate to any temples.. You used a wielded weapon 68 times, starting on turn 9. You did not apply a unicorn horn. You did not use plumbed fixtures. You did not drink any magical draughts. You were illiterate. You never genocided any monsters. You never polymorphed an object. You never changed form. You used no wishes. You did not use any artifacts. You never split a pudding. You never wrote Elbereth's name. You never violated your personal moral code. You enabled loading special bones files. Dungeon overview: The Dungeons of Doom: levels 1 to 7 Level 1 a long staircase Level 2 some fountains Level 3 (box) stairs to The Gnomish Mines Level 4 a vault, some fountains Level 5 a vault, an altar to Mitra, some fountains Level 6 a fountain, some sinks Level 7 (box) <- You were here an altar to Set The Gnomish Mines: Level 4 stairs to The Dungeons of Doom History has recorded: On T:1 you entered the Dungeons of Doom to retrieve the Amulet of Yendor! On T:31 you reached level 2 of The Dungeons of Doom. On T:485 you reached level 3 of The Dungeons of Doom. On T:528 you advanced to experience level 2. On T:786 you advanced to experience level 3. On T:820 you reached level 4 of The Dungeons of Doom. On T:837 you reached level 1 of The Gnomish Mines. On T:1228 you advanced to experience level 4. On T:1377 you reached level 5 of The Dungeons of Doom. On T:1761 you reached level 6 of The Dungeons of Doom. On T:1891 you advanced to experience level 5. On T:1905 you reached level 7 of The Dungeons of Doom. Score breakdown: Gold: 953 ( 95 points) Experience: 5 levels ( 400 points) Exploration: 7 levels ( 180 points) Discoveries: 14 items ( 700 points) Variety of kills: 29 monsters ( 1450 points) Major goal: (nothing yet) ( 0 points) Survival: died (score multiplied by 3) Total score: 8475 Latest messages: You see here a large box. Hmmm, it seems to be locked. The door opens. You see here 8 rocks. You stop exploring. You swing your battle-axe in a wide arc. You kill the newt! You see here a newt corpse. This newt corpse tastes terrible! You finish eating the newt corpse. You feel a mild buzz. You stop exploring. The white unicorn butts! The white unicorn kicks! The white unicorn butts! The white unicorn kicks! The white unicorn butts! The white unicorn kicks! You swing your battle-axe in a wide arc. You smite the white unicorn! The white unicorn butts! The white unicorn kicks! The white unicorn butts! The white unicorn kicks! You die... Final status: Goodbye woodfighter the Barbarian, killed by a white unicorn... You died in The Dungeons of Doom on dungeon level 7 with 8475 points, and 953 pieces of gold, after 2382 moves. You were level 5 with a maximum of 50 hit points when you died.